 Dungeon Crawl Stone Soup version 0.26.1-11-gd32895ea62 (webtiles) character file.

Game seed: 15991754946717443079

84 vvl the Stinger (level 4, -5/27 HPs)
             Began as an Octopode Venom Mage on July 14, 2021.
             Killed by divine providence
             ... invoked by an orc priest
              (10 damage)
             ... on level 3 of the Dungeon.
             The game lasted 00:06:20 (2961 turns).

vvl the Stinger (Octopode Venom Mage)               Turns: 2961, Time: 00:06:20

Health: -5/27      AC:  1    Str:  8    XL:     4   Next: 45%
Magic:  2/8        EV: 13    Int: 17    God:
Gold:   180        SH:  0    Dex: 12    Spells: 0/8 levels left

rFire    . . .     SeeInvis .   j - +0 short sword (speed)
rCold    . . .     Faith    .   (no shield)
rNeg     . . .     Spirit   .   (helmet restricted)
rPois    .         Reflect  .   (no amulet)
rElec    .         Harm     .   (no ring)
rCorr    .         Rampage  .   (no ring)
Will     .....                  (no ring)
Stlth    +++.......             (no ring)
HPRegen  0.09/turn              (no ring)
MPRegen  0.11/turn              (no ring)
                                (no ring)
                                (no ring)

@: very slightly contaminated
A: almost no armour, stealthy swim, amphibious, 8 rings, constrict 8, camouflage
1, gelatinous body 1
a: no special abilities


You were on level 3 of the Dungeon.
You visited 1 branch of the dungeon, and saw 3 of its levels.

You collected 180 gold pieces.

Inventory:

Hand Weapons
 j - a +0 short sword of speed (weapon)
Scrolls
 a - 2 scrolls of amnesia {unknown}
 c - a scroll of magic mapping {unknown}
 d - 4 scrolls of remove curse {unknown}
 e - 3 scrolls of enchant weapon {unknown}
 f - a scroll of fear {unknown}
 g - a scroll of teleportation {unknown}
 h - a scroll of identify {unknown}
Potions
 b - 2 potions of mutation {unknown}
 i - 2 potions of might {unknown}
 k - a potion of berserk rage {unknown}


   Skills:
 - Level 2.0 Dodging
 - Level 2.6 Stealth
 + Level 2.9 Spellcasting
 - Level 1.0 Transmutations
 * Level 5.4 Poison Magic


You couldn't memorise any spells.
You knew the following spells:

 Your Spells              Type           Power        Failure   Level
a - Sting                 Tmut/Pois      52%          4%          1
b - Olgreb's Toxic Radia  Pois           21%          19%         4
c - Ignite Poison         Fire/Tmut/Pois 9%           22%         3

Your spell library contained the following spells:

 Spells                   Type           Power        Failure   Level
 Poisonous Vapours        Pois/Air       22%          9%          2
 Mephitic Cloud           Conj/Pois/Air  8%           26%         3


Dungeon Overview and Level Annotations

Branches:
Dungeon (3/15)

Altars:


Innate Abilities, Weirdness & Mutations

You cannot wear most types of armour.
You are very stealthy in the water. (Stealth+)
You are amphibious.
You can wear up to eight rings at the same time.
You can use your tentacles to constrict eight enemies at once.
Your skin changes colour to match your surroundings (Stealth+).
Your rubbery body absorbs attacks. (AC +1, EV +1)


Message History

A leopard gecko comes into view.
The orc shouts!
The kobold shouts!
Things that are here:
a +0 hand axe; a +0 ring mail; an orc corpse You hear an angry hiss. x2
The orc closely misses you.
The orc priest calls upon Beogh to heal the orc.
The orc's wounds heal themselves!
Found a stone staircase leading down.
You barely miss the orc. Your grab misses the orc.
The orc is heavily wounded.
You closely miss the orc. Your grab misses the orc.
The orc is heavily wounded.
The orc priest calls down the wrath of Beogh upon you.
Beogh smites you!
* * * LOW HITPOINT WARNING * * *
You hear an angry hiss.
The orc priest calls down the wrath of Beogh upon you.
Beogh smites you!
You die...

.......# ..# #..†.##
####.....#..#####..#
####......# ##.#
#.....# #.# ###...
#.# # #...####.# .#
#.......##.#
##.........# ##
###.@...###....
######o.........
.......$..##.....
>.#######o...###
#)..## .o..........#
.K.....).....#
..oo..........#
..........)...#


You could see an orc priest (poisoned) and an orc (poisoned).

Vanquished Creatures
  An adder (D:2)
  An ooze (D:1)
  4 leopard geckos
  7 orcs (D:3)
  6 bats
  A giant cockroach (D:1)
  9 goblins
  7 hobgoblins
  3 jackals (D:1)
  A quokka (D:2)
  A ball python (D:2)
  5 frilled lizards
  4 kobolds
  6 rats
56 creatures vanquished.

Notes
Turn   | Place    | Note
-------+----------+-------------------------------------------
     0 | D:1      | vvl the Octopode Venom Mage began the quest for the Orb.
     0 | D:1      | Reached XP level 1. HP: 11/11 MP: 3/3
   310 | D:1      | Reached skill level 4 in Poison Magic
   310 | D:1      | Reached XP level 2. HP: 9/17 MP: 3/5
   847 | D:1      | Reached XP level 3. HP: 21/21 MP: 4/6
  2036 | D:2      | Reached skill level 5 in Poison Magic
  2181 | D:2      | Reached XP level 4. HP: 13/27 MP: 1/8
  2790 | D:2      | Learned a level 4 spell: Olgreb's Toxic Radiance
  2794 | D:2      | Learned a level 3 spell: Ignite Poison
  2961 | D:3      | Killed from afar by an orc priest

Illustrated notes

Levels and vault maps discovered:
D:1:      eino_arrival_tree_alley, layout_basic
D:2:      minmay_angry_zag, layout_loops_ring
D:3:      layout_rooms

Skill      XL: |  1  2  3 |
---------------+----------+-----
Poison Magic   | 4 5 |  5.4
Dodging        | |  2.0
Stealth        | |  2.6
Spellcasting   | |  2.9
Transmutations | |  1.0

Action                   |  1- 3 |  4- 6 || total
-------------------------+-------+-------++-------
Melee: Unarmed           |    39 |       ||    39
       Tentacles         |     9 |     2 ||    11
       Constrict         |    12 |     4 ||    16
       Short sword       |     9 |    15 ||    24
 Cast: Sting             |    48 |    18 ||    66
       Olgreb's Toxic Ra |       |     1 ||     1
 Stab: Sleeping          |     1 |       ||     1
Armor: Skin              |     2 |       ||     2
Dodge: Dodged            |    43 |    13 ||    56
